 Dungeon Crawl Stone Soup version 0.27.0-1-g7a089689b8 (webtiles) character file.

Game seed: 2118957010663075926

65 thirtiethelement the Skirmisher (level 3, 0/30 HPs)
             Began as a Demonspawn Abyssal Knight on Aug 11, 2021.
             Was a Follower of Lugonu.
             Slain by a goblin (2 damage)
             ... led by Robin
             ... on level 2 of the Dungeon.
             The game lasted 00:03:11 (2900 turns).

thirtiethelement the Skirmisher (DsAK)              Turns: 2900, Time: 00:03:11

Health: 0/30       AC:  3    Str: 13    XL:     3   Next: 92%
Magic:  5/5        EV: 11    Int: 13    God:    Lugonu [*.....]
Gold:   57         SH:  5    Dex: 12    Spells: 2/2 levels left

rFire    . . .     SeeInvis +   a - +1 falchion
rCold    . . .     Faith    .   (no shield)
rNeg     + . .     Spirit   .   b - +0 leather armour
rPois    .         Reflect  +   (no helmet)
rElec    .         Harm     .   (no cloak)
rCorr    .         Rampage  .   (no gloves)
Will     .....                  (no boots)
Stlth    +.........             l - amulet of reflection
HPRegen  0.10/turn              c - ring of see invisible
MPRegen  0.18/turn              o - ring of positive energy

@: no status effects
A: hooves 1, magic regeneration
a: Renounce Religion, Depart the Abyss


You were on level 2 of the Dungeon.
You worshipped Lugonu.
Lugonu was aware of your devotion.
You visited 1 branch of the dungeon, and saw 2 of its levels.
You visited the Abyss 1 time.

You collected 57 gold pieces.

Inventory:

Hand Weapons
 a - a +1 falchion (weapon)
Armour
 b - a +0 leather armour (worn)
 d - a +1 ring mail of cold resistance
Magical Staves
 g - a staff of cold
Jewellery
 c - a ring of see invisible (left hand)
 l - an amulet of reflection (around neck)
 o - a ring of positive energy (right hand)
Scrolls
 f - 2 scrolls of teleportation
 h - a scroll of torment
 j - a scroll of blinking
 m - a scroll of noise {unknown}
Potions
 e - a potion of flight {unknown}
 i - a potion of curing
 k - a potion of cancellation {unknown}
 n - a potion of heal wounds {unknown}


   Skills:
 + Level 3.7 Fighting
 + Level 2.3 Long Blades
 + Level 2.4 Armour
 + Level 1.0 Dodging
 + Level 0.7 Stealth
 + Level 2.8 Invocations


You had 2 spell levels left.
You didn't know any spells.
Your spell library contained the following spells:

 Spells                   Type           Power      Damage    Failure   Level
 Foxfire                  Conj/Fire      0%         2x1d4     36%         1
 Conjure Flame            Conj/Fire      0%         6-21      75%         3
 Gell's Gravitas          Tloc           0%         N/A       75%         3
 Inner Flame              Hex/Fire       0%         N/A       75%         3
 Teleport Other           Tloc           0%         N/A       75%         3
 Dispersal                Tloc           0%         N/A       100%        6


Dungeon Overview and Level Annotations

Branches:
Dungeon (2/15)

Altars:

Annotations:
D:2 Robin


Innate Abilities, Weirdness & Mutations

You have large cloven feet.
You regenerate magic rapidly.


Message History

You block the goblin's attack.
The goblin unwields a +0 club.
The goblin wields a +0 hunting sling.
The goblin shoots a stone.
The stone barely misses you.
You hit the goblin.
You kill the goblin!
Lugonu accepts your kill.
The goblin shoots a stone.
The stone hits you.
Things that are here:
a +0 club; a goblin corpse You closely miss the goblin.
The goblin unwields a +0 hunting sling.
The goblin wields a +0 club.
The goblin barely misses you. The goblin hits you but does no damage.
You hit the goblin. You kick the goblin.
The goblin is severely wounded.
The goblin hits you with a +0 dagger. The goblin hits you with a +0 club.
You hit the goblin.
You kill the goblin!
Lugonu accepts your kill. The goblin closely misses you.
You riposte.
You closely miss the goblin. You closely miss the goblin.
The goblin hits you with a +0 club. x2
The goblin barely misses you.
You riposte.
You barely miss the goblin. Your kick misses the goblin.
The goblin hits you but does no damage.
You barely miss the goblin. Your kick misses the goblin.
Robin throws the goblin at you! The goblin hits you but does no damage.
You block the goblin's attack.
You hit the goblin but do no damage. The goblin hits you with a +0 club.
You block the goblin's attack. The goblin hits you with a +0 dagger.
* * * LOW HITPOINT WARNING * * *
You hit the goblin. You kick the goblin.
You kill the goblin!
Lugonu accepts your kill. You block the goblin's attack.
The goblin hits you with a +0 club.
* * * LOW HITPOINT WARNING * * *
Robin throws the goblin at you!
You completely miss the goblin. You kick the goblin.
The goblin is moderately wounded.
The goblin hits you with a +0 club.
* * * LOW HITPOINT WARNING * * *
The goblin hits you with a +0 club.
You die...

#.# #.# #.....#.
#.#######.# ##.#.#.#.
#.........##.####........
########.###......>......
#.# ######........ #.#
#........ #.# #........
#g# #.....<.. ###@#
#....†... #))g# ####.#.##
#g### #.#.# #g #.#.## #.
#..#.. .g ###.## ..
.......... ... ##########
...


You could see Robin, a hobgoblin and 2 goblins.

Vanquished Creatures
  2 adders (D:2)
  2 worms (D:2)
  3 bats
  3 endoplasms
  3 giant cockroaches
  7 goblins
  2 hobgoblins
  3 jackals (D:2)
  A quokka (D:1)
  3 ball pythons
  A frilled lizard (D:2)
  6 kobolds
  3 rats (D:2)
39 creatures vanquished.

Notes
Turn   | Place    | Note
-------+----------+-------------------------------------------
     0 | Abyss:1  | thirtiethelement the Demonspawn Abyssal Knight began the
                  | quest for the Orb.
     0 | Abyss:1  | Reached XP level 1. HP: 18/18 MP: 2/2
   209 | Abyss:2  | Noticed a small abomination
   212 | Abyss:2  | Found a corrupted altar of Lugonu.
   218 | Abyss:2  | Noticed an ancient zyme
   220 | Abyss:2  | Noticed an ancient zyme
   224 | D:1      | Escaped the Abyss
   753 | D:1      | Gained mutation: You regenerate magic rapidly. [demonic
                  | ancestry]
   753 | D:1      | Reached XP level 2. HP: 24/24 MP: 4/4
   797 | D:1      | Reached * piety under Lugonu
   999 | D:1      | Found a faded altar of an unknown god.
  2098 | D:2      | Gained mutation: You have large cloven feet. [demonic
                  | ancestry]
  2098 | D:2      | Reached XP level 3. HP: 18/29 MP: 5/5
  2420 | D:2      | Reached skill level 1 in Dodging
  2882 | D:2      | Noticed Robin
  2900 | D:2      | Slain by a goblin

Illustrated notes

Levels and vault maps discovered:
D:1:      eino_arrival_water_star, layout_loops_corners, basic_ecumenical_altar
D:2:      minmay_wonky_spiral, layout_loops_ring, uniq_robin

Skill      XL: |  1  2  3 |
---------------+----------+-----
Long Blades    | 2 |  2.3
Armour         | 2 |  2.4
Dodging        | 1 |  1.0
Fighting       | |  3.7
Stealth        | |  0.7
Invocations    | |  2.8

Action                   || total
-------------------------++-------
Melee: Falchion          ||   104
       Kick              ||    11
Invok: Depart the Abyss  ||     1
  Use: Scroll            ||     4
       Potion            ||     1
Armor: Leather armour    ||    20
Dodge: Dodged            ||    64
Block: Other             ||     6
       Rpst.: Falchion   ||    25
